 Dungeon Crawl Stone Soup version 0.30-a0-476-g330ca2eb8e (webtiles) character file.

Game seed: 2142244306550250063

71 funkygono the Slasher (level 4, -22/32 (33) HPs)
             Began as a Demonspawn Gladiator on Dec 21, 2022.
             Annihilated by a shadow wraith (23 damage)
             ... on level 1 of the Abyss.
             The game lasted 00:02:14 (1591 turns).

funkygono the Slasher (Demonspawn Gladiator)        Turns: 1591, Time: 00:02:15

HP:   -22/32 (33)   AC:  8    Str: 16    XL:     4   Next: 5%
MP:   4/4           EV: 13    Int: 10    God:
Gold: 64            SH:  0    Dex: 14    Spells: 3/3 levels left

rFire   . . .      SeeInvis .    a - +0 long sword
rCold   . . .      Faith    .    (no shield)
rNeg    . . .      Spirit   .    b - +0 leather armour
rPois   .          Reflect  .    c - +0 helmet
rElec   .          Harm     .    (no cloak)
rCorr   .          Rampage  .    (no gloves)
Will    .....                    (no boots)
Stlth   +.........               (no amulet)
HPRegen 0.25/turn                j - +4 ring of protection
MPRegen 0.09/turn                (no ring)

@: slowed, lightly drained, very slow
A: hooves 1, ignite blood 1, sturdy frame 1
a: no special abilities


You were on level 1 of the Abyss.
You visited 1 branch of the dungeon, and saw 2 of its levels.
You visited the Abyss 1 time.

You collected 64 gold pieces.

Inventory:

Hand Weapons
 a - a +0 long sword (weapon)
Missiles
 d - 3 throwing nets (quivered)
 e - a javelin
Armour
 b - a +0 leather armour (worn)
 c - a +0 helmet (worn)
Jewellery
 j - a +4 ring of protection (left hand)
Scrolls
 g - 2 scrolls of identify {unknown}
 k - a scroll of torment {unknown}
Potions
 f - a potion of mutation {unknown}
 h - a potion of invisibility {unknown}
 i - a potion of brilliance {unknown}
 l - a potion of berserk rage {unknown}


   Skills:
 + Level 2.3 Fighting
 + Level 3.7 Long Blades
 + Level 2.0 Throwing
 + Level 0.4 Armour
 + Level 3.2 Dodging


You had 3 spell levels left.
You didn't know any spells.
Your spell library contained the following spells:

 Spells                   Type           Power      Damage    Failure   Level
 Gell's Gravitas          Tloc           0%         N/A       75%         3
 Lesser Beckoning         Tloc           0%         N/A       75%         3
 Teleport Other           Tloc           0%         N/A       75%         3


Dungeon Overview and Level Annotations

Branches:
Dungeon (2/15)

Altars:

Annotations:
D:2 Crazy Yiuf


Innate Abilities, Weirdness & Mutations

You have large cloven feet.
Your demonic aura sometimes causes spilled blood to erupt in flames.
Your movements are slightly less encumbered by armour. (ER -2)


Message History

Things that are here:
a +0 club; a stone You see here a +0 club.
Crazy Yiuf shouts!
Crazy Yiuf says, "Earwax!"
You open the door. You hit Crazy Yiuf. You kick Crazy Yiuf, but do no damage.
Crazy Yiuf is moderately wounded.
Crazy Yiuf closely misses you.
You hit Crazy Yiuf. You kick Crazy Yiuf.
Crazy Yiuf is severely wounded.
Crazy Yiuf barely misses you.
Crazy Yiuf hits you with a +4 quarterstaff of chaos!
You feel drained.
You barely miss Crazy Yiuf. You kick Crazy Yiuf.
Crazy Yiuf is severely wounded.
Crazy Yiuf closely misses you.
You barely miss Crazy Yiuf.
Crazy Yiuf is severely wounded.
Crazy Yiuf hits you with a +4 quarterstaff of chaos.
You are cast into the Abyss!
This branch contains the abyssal rune of Zot.
There is an open translucent door here.
There is an open translucent door here.
Okay, then.
HP restored.
A large abomination comes into view.
Found an opulent altar of Gozag.
A small abomination comes into view.
You hear a chilling moan.
Something hits you!!
Ouch! That really hurt!
Something drains your vigour!
You feel yourself slow down.
Deactivating autopickup; reactivate with Ctrl-A.
You slash something! Your kick misses something. Something barely misses you.
You closely miss something. Your kick misses something. Something hits you!
* * * LOW HITPOINT WARNING * * *
Something hits you!!
Ouch! That really hurt!
You die...

..
♣...#......#####.#.#.
# . .# ...#.........
...# #
###.....#######.# . .
# . .# #..#.# # #
.....#####...
#......#.#..#... x...
#.##..##....###. ###.
.# #.#☼x.## #.. . #
###@.#.# ..## ##.###
## ..# ... # ..#.
#~~...~ .~≈~# ~~ ~≈
≈♣~


You could see a small abomination.

Vanquished Creatures
  Robin (D:2)
  2 adders (D:2)
  A dart slug (D:1)
  2 bats
  2 endoplasms
  2 giant cockroaches
  10 goblins
  5 hobgoblins
  6 kobolds
  3 frilled lizards
  3 rats (D:1)
37 creatures vanquished.

Vanquished Creatures (others)
  A goblin (D:2)
1 creature vanquished.

Grand Total: 38 creatures vanquished

Notes
Turn   | Place    | Note
-------+----------+-------------------------------------------
     0 | D:1      | funkygono the Demonspawn Gladiator began the quest for the
                  | Orb.
     0 | D:1      | Reached XP level 1. HP: 16/16 MP: 1/1
   232 | D:1      | Gained mutation: You have large cloven feet. [demonic
                  | ancestry]
   232 | D:1      | Reached XP level 2. HP: 22/22 MP: 2/2
   856 | D:2      | Gained mutation: Your movements are slightly less
                  | encumbered by armour. (ER -2) [demonic ancestry]
   856 | D:2      | Reached XP level 3. HP: 27/27 MP: 3/3
   867 | D:2      | Noticed Robin
   875 | D:2      | Killed Robin
  1319 | D:2      | Found a runed translucent door.
  1320 | D:2      | Noticed Crazy Yiuf
  1342 | D:2      | Gained mutation: Your demonic aura sometimes causes spilled
                  | blood to erupt in flames. [demonic ancestry]
  1342 | D:2      | Reached XP level 4. HP: 33/33 MP: 4/4
  1518 | Abyss:1  | Cast into level 1 of the Abyss (Crazy Yiuf)
  1569 | Abyss:1  | Noticed a large abomination
  1570 | Abyss:1  | Found an opulent altar of Gozag.
  1583 | Abyss:1  | Noticed a small abomination
  1591 | Abyss:1  | HP: 1/32 [something (13)]
  1591 | Abyss:1  | Annihilated by a shadow wraith

Illustrated notes

Levels and vault maps discovered:
D:1:      lemuel_arrival_hallway, layout_basic
D:2:      layout_basic, basic_altar, grunt_ministairs_8, uniq_robin,
          uniq_crazy_yiuf_cottage
Abyss:1:  base:
D:1

Skill      XL: |  1  2  3 |
---------------+----------+-----
Long Blades    | 3 |  3.7
Dodging        | 3 |  3.2
Throwing       | 2 |  2.0
Fighting       | |  2.3
Armour         | |  0.4

Action                   |  1- 3 |  4- 6 || total
-------------------------+-------+-------++-------
Melee: Long sword        |    90 |     7 ||    97
       Punch             |     2 |       ||     2
       Kick              |    14 |     4 ||    18
Armor: Leather armour    |    28 |       ||    28
Dodge: Dodged            |    68 |     4 ||    72

Table legend: (Time is in decaauts)
 A = Elapsed time spent in this place.
 B = Non-inter-level travel time spent in this place.
 C = Inter-level travel time spent in this place.
 D = Time resting spent in this place.
 E = Time spent auto-exploring this place.
 F = Levels seen in this place.
 G = Mean time per level.
                   A        B        C        D        E       F      G
               +--------+--------+--------+--------+--------+-----+--------+
         Total |   1613 |   1586 |     27 |     18 |   1244 |   3 |  537.7 |
       Dungeon |   1539 |   1512 |     27 |     18 |   1198 |   2 |  769.5 |
         Abyss |     73 |     73 |      0 |      0 |     46 |   1 |   73.0 |
               +--------+--------+--------+--------+--------+-----+--------+

Top non-repeatable levels by time:
     D:2: 781 daAuts
     D:1: 758 daAuts
 Abyss:1: 73 daAuts
